 Dungeon Crawl Stone Soup version 0.28.0-53-g5a82cb258f (webtiles) character file.

Game seed: 3760434257309807207

23 Gabide the Shooter (level 2, 0/17 HPs)
             Began as a Deep Elf Hunter on June 29, 2022.
             Slain by a goblin
             ... wielding a +0 dagger
              (3 damage)
             ... on level 1 of the Dungeon.
             The game lasted 00:02:21 (568 turns).

Gabide the Shooter (Deep Elf Hunter)                 Turns: 568, Time: 00:02:23

Health: 0/17       AC:  3    Str:  9    XL:     2   Next: 72%
Magic:  4/4        EV: 12    Int: 15    God:
Gold:   30         SH:  0    Dex: 15    Spells: 1/1 levels left

rFire   . . .      SeeInvis .   a - +1 shortbow
rCold   . . .      Faith    .   (shield currently unavailable)
rNeg    . . .      Spirit   .   c - +0 leather armour
rPois   .          Reflect  .   (no helmet)
rElec   .          Harm     .   (no cloak)
rCorr   .          Rampage  .   (no gloves)
Will    .....                   (no boots)
Stlth   ++........              (no amulet)
HPRegen 0.05/turn               (no ring)
MPRegen 0.09/turn               (no ring)

@: no status effects
A: no striking features
a: no special abilities


You were on level 1 of the Dungeon.
You visited 1 branch of the dungeon, and saw 1 of its levels.

You collected 30 gold pieces.

Inventory:

Hand Weapons
 a - a +1 shortbow (weapon)
 b - a +0 dagger
Missiles
 d - 6 arrows (quivered ammo)
Armour
 c - a +0 leather armour (worn)
Scrolls
 f - a scroll of identify {unknown}
Potions
 g - a potion of lignification {unknown}


   Skills:
 + Level 2.1 Fighting
 + Level 5.8 Bows
 - Level 2.5 Dodging
 - Level 1.5 Stealth


You had one spell level left.
You didn't know any spells.
Your spell library contained the following spells:

 Spells                   Type           Power      Damage    Failure   Level
 Beastly Appendage        Tmut           0%         N/A       36%         1
 Wereblood                Tmut           0%         N/A       50%         2
 Spider Form              Tmut/Pois      0%         N/A       75%         3


Dungeon Overview and Level Annotations

Branches:
Dungeon (1/15)

Altars:


Message History

Fire: 12 arrows
Press: ? - help, Q - select action Shift-Dir - straight line, f/p - giant cockroach
Aim: a giant cockroach (severely wounded, 63% to hit)
You shoot an arrow.
The arrow barely misses the giant cockroach.
The arrow barely misses the hobgoblin.
The giant cockroach misses you.
Fire: 11 arrows
Press: ? - help, Q - select action Shift-Dir - straight line, f/p - giant cockroach
Aim: a giant cockroach (severely wounded, 63% to hit)
You shoot an arrow.
The arrow closely misses the giant cockroach.
The arrow closely misses the hobgoblin.
The giant cockroach closely misses you.
Fire: 10 arrows
Press: ? - help, Q - select action Shift-Dir - straight line, f/p - giant cockroach
Aim: a giant cockroach (severely wounded, 63% to hit)
You shoot an arrow.
The arrow closely misses the giant cockroach.
The arrow hits the hobgoblin.
You kill the hobgoblin!
The giant cockroach bites you.
* * * LOW HITPOINT WARNING * * *
Fire: 9 arrows
Press: ? - help, Q - select action Shift-Dir - straight line, f/p - giant cockroach
Aim: a giant cockroach (severely wounded, 63% to hit)
You shoot an arrow. The arrow hits the giant cockroach.
You kill the giant cockroach!
Fire: 8 arrows
Press: ? - help, Q - select action Shift-Dir - straight line, f - goblin
Aim: a goblin, wielding a +0 dagger (56% to hit)
You shoot an arrow. The arrow hits the goblin.
The goblin is moderately wounded.
The goblin completely misses you.
Fire: 7 arrows
Press: ? - help, Q - select action Shift-Dir - straight line, f/p - goblin
Aim: a goblin, wielding a +0 dagger (moderately wounded, 56% to hit)
You shoot an arrow. The arrow closely misses the goblin.
The goblin hits you with a +0 dagger.
You die...

....
...........##.g.#
.... .. .....
..###g.## .... .#
.... ..##....#
.... .# ....
#.##....# ....
.##.#
..##.##g...# ...#
##....#
..#.##g...# ....
#....#
#.#..B.#### ....
#.#.## #.#.S###
.... #.# ..
#@#.## .... #.#
.# #g#.# .... #.#
# #(..######
...####.#
##..#....#
..###...#
#..#....#
###...###
####.......#
..#.(.#
..#.†..^..#
...#..#
#.#.#.....#
##.#..#
#.#.......#


You could see a goblin.

Vanquished Creatures
  6 ball pythons (D:1)
  A bat (D:1)
  2 giant cockroaches (D:1)
  A goblin (D:1)
  4 hobgoblins (D:1)
  A frilled lizard (D:1)
  3 kobolds (D:1)
  A rat (D:1)
19 creatures vanquished.

Notes
Turn   | Place    | Note
-------+----------+-------------------------------------------
     0 | D:1      | Gabide the Deep Elf Hunter began the quest for the Orb.
     0 | D:1      | Reached XP level 1. HP: 12/12 MP: 3/3
   352 | D:1      | Reached XP level 2. HP: 17/17 MP: 4/4
   568 | D:1      | Slain by a goblin

Illustrated notes

Levels and vault maps discovered:
D:1:      kennysheep_arrival_forest, layout_rooms,
          shapermc_ecumenical_altar_mp_vishouse

Skill      XL: |  1  2 |
---------------+-------+-----
Fighting       | 2 |  2.1
Bows           | |  5.8
Dodging        | |  2.5
Stealth        | |  1.5

Action                   || total
-------------------------++-------
Melee: Short sword       ||    17
       Dagger            ||    37
 Fire: Shortbow          ||    29
  Use: Potion            ||     1
Armor: Leather armour    ||    22
Dodge: Dodged            ||    58
